 Dungeon Crawl Stone Soup version 0.27-a0-1612-gde56a17 (webtiles) character file.

Game seed: 2415538875436614110

28959 Geeful the Schismatic (level 13, -20/145 HPs)
             Began as a Demonspawn Abyssal Knight on July 18, 2021.
             Was an Elder of Lugonu.
             Demolished by Rupert (31 damage)
             ... on level 13 of the Dungeon on July 21, 2021.
             The game lasted 00:58:50 (21266 turns).

Geeful the Schismatic (Demonspawn Abyssal Knight)  Turns: 21266, Time: 00:58:51

Health: -20/145    AC: 20    Str: 16    XL:     13   Next: 12%
Magic:  0/25       EV: 15    Int: 14    God:    Lugonu [****..]
Gold:   355        SH: 11    Dex: 14    Spells: 12/12 levels left

rFire    . . .     SeeInvis .     - Unarmed
rCold    . . .     Faith    .   t - +0 buckler
rNeg     . . .     Spirit   +   r - +3 ring mail
rPois    +         Reflect  +   M - +0 helmet
rElec    .         Harm     .   g - +0 cloak
rCorr    .         Rampage  .   d - +1 pair of gloves
Will     +....                  m - +1 pair of boots
Stlth    ..........             v - amulet of reflection
HPRegen  0.34/turn              A - ring of willpower
MPRegen  0.38/turn              (no ring)

@: berserking (expiring), very quick
A: hooves 1, rugged brown scales 3, spiny 3, magic shield, magic regeneration,
frail 1, poison resistance, sturdy frame 1
a: Renounce Religion, Depart the Abyss, Bend Space, Banish, Corrupt


You were on level 13 of the Dungeon.
You worshipped Lugonu.
Lugonu was greatly pleased with you.
You visited 1 branch of the dungeon, and saw 13 of its levels.
You visited the Abyss 2 times.
You also visited: Sewer.

You collected 975 gold pieces.
You spent 620 gold pieces at shops.

Inventory:

Missiles
 f - 74 poisoned darts (quivered)
 k - 3 datura-tipped darts
 s - 7 curare-tipped darts
 I - 6 atropa-tipped darts
Armour
 d - a +1 pair of gloves (worn)
 g - a +0 cloak (worn)
 m - a +1 pair of boots (worn)
 r - a +3 ring mail (worn)
 t - a +0 buckler (worn)
 z - the +0 cloak of Dogmatism {Contam rPois Will+}
   (You bought it in a shop on level 6 of the Dungeon)

   rPois:     It protects you from poison.
   Contam:    It causes magical contamination when unequipped.
   Will:      It increases your willpower.
 M - a +0 helmet (worn)
 O - a +0 kite shield
 R - the +2 ring mail "Xaaf" {rN+++ rCorr MP-9 Dex-5}
   (You bought it in a shop on level 6 of the Dungeon)

   Dex:       It affects your dexterity (-5).
   rN:        It renders you almost immune to negative energy.
   MP:        It affects your magic capacity (-9).
   rCorr:     It protects you from acid and corrosion.
Jewellery
 p - a ring of fire
 v - an amulet of reflection (around neck)
 A - a ring of willpower (left hand)
 H - a ring of wizardry
Wands
 y - a wand of flame (22)
 B - a wand of charming (13)
 D - a wand of acid (3)
 F - a wand of digging (5)
 P - a wand of polymorph (18)
Scrolls
 l - 2 scrolls of silence
 o - 4 scrolls of teleportation
 u - 2 scrolls of fear
 w - 2 scrolls of amnesia
 x - 3 scrolls of identify
 C - a scroll of fog
 E - 3 scrolls of enchant armour
 J - a scroll of summoning
 L - 2 scrolls of brand weapon
 Q - a scroll of enchant weapon
Potions
 a - 2 potions of mutation
 b - 3 potions of might
 c - 3 potions of cancellation
 e - a potion of heal wounds
 h - a potion of lignification
 i - 2 potions of curing
 j - 4 potions of flight
 q - 2 potions of brilliance
 G - 3 potions of attraction
 K - a potion of magic {unknown}
 N - a potion of haste


   Skills:
 + Level 9.1 Fighting
 + Level 8.0 Armour
 + Level 7.8 Dodging
 + Level 9.5 Shields
 + Level 8.1 Unarmed Combat
 - Level 17.0 Invocations


You had 12 spell levels left.
You didn't know any spells.
Your spell library contained the following spells:

 Spells                   Type           Power      Damage    Failure   Level
 Animate Skeleton         Necr           0%         N/A       36%         1
 Foxfire                  Conj/Fire      0%         2x1d4     36%         1
 Pain                     Necr           0%         1d4       36%         1
 Shock                    Conj/Air       0%         1d3       36%         1
 Sting                    Tmut/Pois      0%         1d3       36%         1
 Summon Small Mammal      Summ           0%         N/A       36%         1
 Blink                    Tloc           N/A        N/A       50%         2
 Passwall                 Tmut/Erth      0%         N/A       50%         2
 Poisonous Vapours        Pois/Air       0%         N/A       50%         2
 Call Canine Familiar     Summ           0%         N/A       75%         3
 Conjure Flame            Conj/Fire      0%         6-21      75%         3
 Gell's Gravitas          Tloc           0%         N/A       75%         3
 Inner Flame              Hex/Fire       0%         N/A       75%         3
 Lesser Beckoning         Tloc           0%         N/A       75%         3
 Ozocubu's Armour         Ice            0%         N/A       75%         3
 Summon Guardian Golem    Hex/Summ       0%         N/A       75%         3
 Swiftness                Air            0%         N/A       75%         3
 Teleport Other           Tloc           0%         N/A       75%         3
 Tukima's Dance           Hex            0%         N/A       75%         3
 Vampiric Draining        Necr           0%         2d6       75%         3
 Airstrike                Air            0%         N/A       98%         4
 Olgreb's Toxic Radiance  Pois           0%         N/A       98%         4
 Passage of Golubria      Tloc           N/A        N/A       98%         4
 Blade Hands              Tmut           0%         N/A       100%        5
 Irradiate                Conj/Tmut      0%         3d14      100%        5
 Summon Forest            Summ/Tloc      0%         N/A       100%        5
 Yara's Violent Unravell  Hex/Tmut       0%         3d3       100%        5
 Dispersal                Tloc           0%         N/A       100%        6
 Invisibility             Hex            0%         N/A       100%        6
 Dragon Form              Tmut           0%         N/A       100%        7
 Ozocubu's Refrigeration  Ice            0%         4d5       100%        7
 Disjunction              Tloc           0%         N/A       100%        8
 Ignition                 Fire           0%         3d3       100%        8


Dungeon Overview and Level Annotations

Branches:
Dungeon (13/15)            Temple (0/1) D:6            Lair (0/6) D:11
    Orc (0/2) D:10         Vaults (0/5) D:13          Sewer (visited)

Altars:
Cheibriados
Fedhas
Hepliaklqana
Kikubaaqudgha
Makhleb
Trog
Yredelemnul

Shops:
D:6 [   D:7 *   D:8 [   D:10 (

Portals:
Trove: D:12 (give 13 potions of heal wounds)

Annotations:
D:11 exclusion: 2 oklob plants
D:12 4 runed translucent doors
D:13 3 runed translucent doors, Rupert; poml's ghost, journeyman DjFE


Innate Abilities, Weirdness & Mutations

You have large cloven feet.
You are completely covered in rugged brown scales. (AC +3, +7% HP)
You are completely covered in sharp spines.
When hurt, damage is shared between your health and your magic reserves.
You regenerate magic rapidly.
You are frail. (-10% HP)
Your system is resistant to poisons. (rPois)
Your movements are slightly less encumbered by armour. (ER -2)


Message History

You closely miss Rupert.
Rupert is heavily wounded.
Rupert hits you but does no damage.
You punch Rupert!
Rupert is heavily wounded.
Rupert is no longer covered in acid.
You pummel Rupert!!
Rupert is severely wounded.
Rupert misses you.
You punch Rupert!
Rupert is severely wounded.
You block Rupert's attack.
You punch Rupert!
Rupert is severely wounded.
You block Rupert's attack.
You punch Rupert!
Rupert is severely wounded.
You block Rupert's attack.
You barely miss Rupert.
Rupert is severely wounded.
You block Rupert's attack.
You barely miss Rupert.
Rupert is severely wounded.
Rupert hits you with a +4 vorpal triple sword!!
* * * LOW HITPOINT WARNING * * *
x2 You are too berserk!
You barely miss Rupert.
Rupert is severely wounded.
You punch Rupert!
Rupert is almost dead.
Rupert closely misses you.
You punch Rupert!
Rupert is almost dead.
Rupert hits you with a +4 vorpal triple sword!
* * * LOW HITPOINT WARNING * * *
x2 You punch Rupert!
Rupert is almost dead.
Rupert is struck by your spines.
Rupert hits you with a +4 vorpal triple sword!!!
You die...

#...................'...
#.....##.##.........##...
#.....##.#...............
#.....<#.####.#..#####...
#.....##.# #.#..##
#........# #.#..!#
#........# ..#.#.##
#........# ###.#..#
########@# #.##.##
#....@# #.##..# #.....#
#.###.## #.....# #.# #..#
#...../ #.# ##.##
#....... #..#.# #.......
##.#.# #........ #.#[#
#.#.#


You could see Rupert (berserk).

Vanquished Creatures
  Kirke (D:13)
  Snorg (D:11)
  2 vault guards (D:12)
  A boulder beetle (D:11)
  A catoblepas (D:13)
  2 centaur warriors
  4 two-headed ogres
  Erica (D:10)
  4 skeletal warriors
  A wizard (D:13)
  A necromancer (D:13)
  An ugly thing (D:12)
  2 manticores
  A moth of wrath (shapeshifter) (D:13)
  3 centaur zombies
  2 gargoyles
  Maggie (D:10)
  A yaktaur (D:13)
  A yaktaur (shapeshifter) (D:11)
  A kobold demonologist (D:11)
  A freezing wraith (D:12)
  A hornet (D:10)
  16 slime creatures
  4 trolls
  A centaur simulacrum (D:13)
  3 vampires
  4 wraiths
  16 humans (D:13)
  A hog (shapeshifter) (D:13)
  3 vampire mosquitoes (D:12)
  3 water moccasins
  4 orc warriors
  A black bear (D:4)
  An ice beast (D:7)
  3 ogres
  2 sky beasts (D:7)
  3 necrophages
  6 centaurs
  3 kobold brigands
  5 bullfrogs
  A wyvern zombie (D:8)
  18 killer bees
  A howler monkey (D:12)
  2 vampire bats (D:10)
  A bullfrog zombie (D:5)
  4 hounds
  Crazy Yiuf (D:3)
  A gnoll shaman (D:5)
  3 orc priests
  A bullfrog skeleton (D:6)
  2 centaur skeletons
  Jessica (D:2)
  3 iguanas (D:5)
  Natasha (thrice) (D:2)
  5 orc wizards
  A hound skeleton (D:5)
  A howler monkey skeleton (D:4)
  2 howler monkey zombies
  8 adders
  3 gnolls (D:5)
  A shadow imp (D:6)
  An ufetubus (D:6)
  An adder skeleton (D:5)
  3 worms
  A dart slug (D:2)
  22 orcs
  9 bats
  3 endoplasms
  7 giant cockroaches
  9 hobgoblins
  7 jackals
  11 quokkas
  6 ball pythons
  8 frilled lizards
  10 goblins
  15 kobolds
  5 rats
  A spectral orc (D:5)
295 creatures vanquished.

Vanquished Creatures (others)
  2 necromancers (D:13)
  A cyclops (D:13)
  6 humans (D:13)
  23 plants
32 creatures vanquished.

Grand Total: 327 creatures vanquished

Notes
Turn   | Place    | Note
-------+----------+-------------------------------------------
     0 | Abyss:1  | Geeful the Demonspawn Abyssal Knight began the quest for
                  | the Orb.
     0 | Abyss:1  | Reached XP level 1. HP: 18/18 MP: 2/2
    61 | Abyss:2  | Noticed a thrashing horror
    66 | D:1      | Escaped the Abyss
   151 | D:1      | Reached skill level 1 in Dodging
   503 | D:1      | Gained mutation: You are partially covered in sharp spines.
                  | [demonic ancestry]
   503 | D:1      | Reached XP level 2. HP: 24/24 MP: 4/4
   871 | D:1      | Found a faded altar of an unknown god.
  1152 | D:2      | Reached * piety under Lugonu
  1179 | D:2      | Reached skill level 3 in Invocations
  1179 | D:2      | Reached XP level 3. HP: 29/29 MP: 5/5
  1497 | D:2      | Found a snail-covered altar of Cheibriados.
  1549 | D:2      | Noticed Natasha
  1559 | D:2      | Killed Natasha
  1892 | D:2      | Gained mutation: You are mostly covered in sharp spines.
                  | [demonic ancestry]
  1892 | D:2      | Reached XP level 4. HP: 31/35 MP: 6/6
  2042 | D:2      | Noticed Jessica
  2052 | D:2      | Killed Jessica
  2253 | D:2      | Noticed Natasha
  2268 | D:2      | Killed Natasha
  2290 | D:2      | Noticed Natasha
  2304 | D:2      | Killed Natasha
  2305 | D:2      | Reached XP level 5. HP: 22/42 MP: 7/7
  2784 | D:3      | Found a hazy altar of Hepliaklqana.
  2891 | D:3      | Found a blossoming altar of Fedhas.
  2976 | D:3      | Reached skill level 4 in Invocations
  2979 | D:3      | Found a glowing drain.
  2983 | Sewer    | Entered a sewer
  3027 | Sewer    | Reached ** piety under Lugonu
  3442 | Sewer    | Gained mutation: You regenerate magic rapidly. [demonic
                  | ancestry]
  3442 | Sewer    | Reached XP level 6. HP: 30/48 MP: 9/9
  3449 | Sewer    | Got the Handbook of Fiery Orientation
  3876 | D:3      | Found a runed translucent door.
  3877 | D:3      | Noticed Crazy Yiuf
  4381 | D:3      | Killed Crazy Yiuf
  4750 | D:4      | Reached skill level 5 in Invocations
  4750 | D:4      | Gained mutation: You are partially covered in rugged brown
                  | scales. (AC +1, +3% HP) [demonic ancestry]
  4750 | D:4      | Reached XP level 7. HP: 42/56 MP: 10/10
  5030 | D:4      | Identified the +1 leather armour "Wixkeut" {Str+2}
  5269 | D:4      | Noticed a wyvern
  5360 | D:5      | Entered Level 5 of the Dungeon
  5998 | D:5      | Gained mutation: Your system is resistant to poisons.
                  | (rPois) [potion of mutation]
  5998 | D:5      | Gained mutation: Your movements are slightly less
                  | encumbered by armour. (ER -2) [potion of mutation]
  5998 | D:5      | Gained mutation: You are frail. (-10% HP) [potion of
                  | mutation]
  5998 | D:5      | Gained mutation: You have sharp toenails. [potion of
                  | mutation]
  6011 | D:5      | Reached skill level 5 in Fighting
  6020 | D:5      | Reached *** piety under Lugonu
  6390 | D:5      | Gained mutation: When hurt, damage is shared between your
                  | health and your magic reserves. [demonic ancestry]
  6390 | D:5      | Reached XP level 8. HP: 57/57 MP: 12/12
  6475 | D:5      | Reached skill level 1 in Shields
  6701 | D:5      | Found a basalt altar of Yredelemnul.
  6774 | D:5      | Found an ancient bone altar of Kikubaaqudgha.
  6851 | D:5      | Identified the +4 trident of Makhleb's Delight {vorpal, rN+
                  | Int+5}
  7157 | D:6      | Reached skill level 5 in Shields
  7241 | D:6      | Found Cigiant's Antique Armour Boutique.
  7419 | D:6      | Found a staircase to the Ecumenical Temple.
  7581 | D:6      | Found a burning altar of Makhleb.
  7648 | D:6      | Bought a blackened cloak for 304 gold pieces
  7648 | D:6      | Identified the +0 cloak of Dogmatism {Contam rPois Will+}
                  | (You bought it in a shop on level 6 of the Dungeon)
  7867 | D:7      | Found Cidoiq's Assorted Antiques.
  7876 | D:7      | Bought a scroll labelled MUKOTO UGGAATI for 28 gold pieces
  7882 | D:7      | Gained mutation: You are completely covered in sharp
                  | spines. [demonic ancestry]
  7882 | D:7      | Reached XP level 9. HP: 60/63 MP: 13/13
  8326 | D:7      | Reached skill level 6 in Invocations
  8627 | D:7      | Reached **** piety under Lugonu
  8668 | D:7      | Identified a scroll of acquirement
  8668 | D:7      | Acquired a manual of Invocations
  8693 | D:8      | Noticed a centaur warrior
  8709 | D:8      | Killed a centaur warrior
  8710 | D:8      | Reached skill level 8 in Invocations
  8724 | D:8      | Reached skill level 5 in Armour
  8724 | D:8      | Reached skill level 5 in Unarmed Combat
  8724 | D:8      | Reached skill level 9 in Invocations
  8724 | D:8      | Reached XP level 10. HP: 47/70 MP: 12/16
  9217 | D:8      | Found Otwengoy's Antique Armour Emporium.
  9243 | D:8      | Found a bloodstained altar of Trog.
  9619 | D:9      | Reached skill level 10 in Invocations
  9902 | D:9      | Reached skill level 5 in Dodging
 10916 | D:10     | Entered Level 10 of the Dungeon
 10983 | D:10     | Found Goguisiss's Weapon Boutique.
 10990 | D:10     | Found a staircase to the Orcish Mines.
 11345 | D:10     | Reached skill level 11 in Invocations
 11447 | D:10     | Paralysed by a hornet for 3 turns
 11719 | D:10     | Noticed a gargoyle
 11724 | D:10     | Killed a gargoyle
 11879 | D:10     | Noticed Maggie
 11890 | D:10     | Killed Maggie
 12313 | D:6      | Bought an ancient ring mail for 288 gold pieces
 12313 | D:6      | Identified the +2 ring mail "Xaaf" {rN+++ rCorr MP-9 Dex-5}
                  | (You bought it in a shop on level 6 of the Dungeon)
 12452 | D:11     | Noticed a boulder beetle
 12469 | D:11     | Killed a boulder beetle
 12470 | D:11     | Reached skill level 12 in Invocations
 12788 | D:11     | Noticed a two-headed ogre
 12796 | D:11     | Killed a two-headed ogre
 12797 | D:11     | Gained mutation: You are mostly covered in rugged brown
                  | scales. (AC +2, +5% HP) [demonic ancestry]
 12797 | D:11     | Reached XP level 11. HP: 73/79 MP: 20/20
 12929 | D:11     | Noticed Snorg
 13253 | D:11     | Noticed Erica
 13278 | D:10     | Killed Erica
 13279 | D:10     | Reached skill level 13 in Invocations
 13493 | D:11     | Killed Snorg
 14049 | D:11     | Found a staircase to the Lair.
 14050 | D:11     | Noticed an oklob plant
 14054 | D:11     | Noticed an oklob plant
 14070 | D:11     | Upgraded the game from 0.27-a0-1590-g15f6982 to
                  | 0.27-a0-1612-gde56a17
 14549 | D:12     | Noticed a centaur warrior
 14555 | D:12     | Killed a centaur warrior
 14556 | D:12     | Reached skill level 14 in Invocations
 14687 | D:12     | Found a runed translucent door.
 14704 | D:12     | Found a runed translucent door.
 14866 | D:12     | Found a runed translucent door.
 14878 | D:12     | Noticed a two-headed ogre
 14890 | D:12     | Killed a two-headed ogre
 15417 | D:12     | Noticed a two-headed ogre
 15444 | D:12     | Killed a two-headed ogre
 15688 | D:12     | Reached skill level 15 in Invocations
 15829 | D:12     | Noticed a white ugly thing
 15846 | D:12     | Killed a white ugly thing
 15854 | D:12     | Lost mutation: You have sharp toenails. [demonic ancestry]
 15854 | D:12     | Gained mutation: You have large cloven feet. [demonic
                  | ancestry]
 15854 | D:12     | Reached XP level 12. HP: 38/87 MP: 7/23
 16114 | D:12     | Found a runed translucent door.
 16190 | D:12     | Found a portal to a secret trove of treasure.
 16398 | D:12     | Noticed a two-headed ogre
 16417 | D:12     | Killed a two-headed ogre
 17272 | D:13     | Reached skill level 16 in Invocations
 17478 | D:13     | Reached ***** piety under Lugonu
 17507 | D:13     | Cast into level 3 of the Abyss (a wizard)
 17518 | D:13     | Escaped the Abyss
 17560 | D:13     | Found a gate to the Vaults.
 17560 | D:13     | Noticed a vault guard
 17560 | D:13     | Noticed a vault guard
 17613 | D:12     | Killed a vault guard
 17927 | D:13     | Noticed Kirke
 17951 | D:13     | Noticed a sphinx
 17970 | D:13     | Killed Kirke
 18016 | D:12     | Killed a vault guard
 18348 | D:13     | Noticed a catoblepas
 18372 | D:13     | Killed a catoblepas
 19160 | D:13     | Found a runed translucent gate.
 19160 | D:13     | Found a runed translucent gate.
 19160 | D:13     | Found an ancient bone altar of Kikubaaqudgha.
 20026 | D:13     | Gained mutation: You are completely covered in rugged brown
                  | scales. (AC +3, +7% HP) [demonic ancestry]
 20026 | D:13     | Reached XP level 13. HP: 51/97 MP: 17/25
 20227 | D:12     | Reached skill level 17 in Invocations
 20814 | D:13     | Found a runed translucent gate.
 20814 | D:13     | Noticed a lich
 20814 | D:13     | Noticed poml's ghost (journeyman DjFE)
 20814 | D:13     | Noticed a lich
 20815 | D:13     | Noticed a lich
 20815 | D:13     | Noticed a lich
 21240 | D:13     | Noticed Rupert
 21266 | D:13     | Demolished by Rupert

Illustrated notes

Levels and vault maps discovered:
D:1:      dpeg_arrival_rhombus, layout_rooms, serial_bayou, serial_bayou_pond_b,
          serial_bayou_pond_c, serial_bayou_crossing, serial_bayou_lagoon_a,
          serial_bayou_pond_a, serial_bayou_shore_a,
          shapermc_ecumenical_altar_pompeii, lemuel_flame_loot_1
D:2:      layout_rooms, basic_altar, serial_forest, infiniplex_forest_end_3,
          infiniplex_forest_clump_curved, infiniplex_forest_straight_3,
          infiniplex_forest_clump_double, infiniplex_forest_zigzag_2,
          infiniplex_forest_clump_long, infiniplex_forest_end_3,
          grunt_decor_junction, uniq_jessica, uniq_natasha
D:3:      layout_rooms, lemuel_crystal_altar, lemuel_crystal_altar,
          gup_sewer_entry_spiral, uniq_crazy_yiuf_cottage
D:4:      layout_rooms, lightli_corner_chamber
D:5:      layout_loops_ring, yredelemnul_forgotten_temple_becter,
          kiku_gazebo_pond_becter, kennysheep_generic_room_3
D:6:      layout_rooms, general_overflow_altar,
          minmay_temple_entry_glassed_door, serial_shops,
          nicolae_shop_statue_plus
D:7:      layout_loops_ring, serial_shops, shop
D:8:      layout_rooms, mainiacjoe_overflow_tiny_flanked, serial_shops,
          nicolae_shop_stone
D:9:      layout_stronghold
D:10:     layout_stronghold, orc_david_3, hangedman_decor_growths,
          roderic_batcave, uniq_maggie
D:11:     layout_loops_cross, dpeg_oklobed_lair, uniq_erica, uniq_snorg
D:12:     layout_stronghold, nicolae_trove_entry_columns,
          minmay_statue_crystal_thing
D:13:     layout_basic, grunt_vaults_entry_tiered, gammafunk_ghost_crypt,
          uniq_rupert, uniq_kirke

Skill      XL: |  1  2  3  4  5  6  7  8  9 10 11 12 13 |
---------------+----------------------------------------+-----
Dodging        | 1 2 3 4 5 6 7 |  7.8
Armour         | 2 3 4 5 6 7 8 |  8.0
Unarmed Combat | 2 3 4 5 6 7 8 |  8.1
Invocations    | 3 4 5 9 12 15 16 17 | 17.0
Fighting       | 4 5 6 7 8 9 |  9.1
Shields        | 6 7 8 9 |  9.5

Action                   |  1- 3 |  4- 6 |  7- 9 | 10-12 | 13-15 || total
-------------------------+-------+-------+-------+-------+-------++-------
Melee: Unarmed           |   102 |   106 |   296 |  1001 |   133 ||  1638
       Punch             |     3 |       |     4 |       |       ||     7
Throw: Dart              |     7 |    30 |    12 |    56 |       ||   105
       Throwing net      |       |     1 |       |       |       ||     1
Invok: Depart the Abyss  |     1 |       |       |     1 |       ||     2
Evoke: Wand              |       |       |       |    41 |     3 ||    44
  Use: Scroll            |     2 |     3 |    10 |     8 |       ||    23
       Potion            |       |       |     4 |     8 |     2 ||    14
 Stab: Held in net/web   |       |     2 |       |       |       ||     2
       Invisible         |       |     1 |       |       |       ||     1
       Sleeping          |       |       |       |     1 |       ||     1
Armor: Leather armour    |    28 |    20 |     4 |       |       ||    52
       Ring mail         |       |       |   152 |   272 |    28 ||   452
Dodge: Dodged            |    41 |    46 |   174 |   330 |    37 ||   628
Block: Other             |       |       |    16 |       |       ||    16
       Buckler           |       |       |    57 |   420 |    50 ||   527
       Reflection        |       |       |       |    11 |       ||    11

Table legend: (Time is in decaauts)
 A = Elapsed time spent in this place.
 B = Non-inter-level travel time spent in this place.
 C = Inter-level travel time spent in this place.
 D = Time resting spent in this place.
 E = Time spent auto-exploring this place.
 F = Levels seen in this place.
 G = Mean time per level.
                   A        B        C        D        E       F      G
               +--------+--------+--------+--------+--------+-----+--------+
         Total |  21296 |  20663 |    633 |   2743 |  13729 |  17 | 1252.7 |
       Dungeon |  20396 |  19763 |    633 |   2632 |  13540 |  13 | 1568.9 |
         Abyss |     76 |     76 |      0 |      0 |      0 |   3 |   25.3 |
         Sewer |    823 |    823 |      0 |    111 |    189 |   1 |  823.0 |
               +--------+--------+--------+--------+--------+-----+--------+

Top non-repeatable levels by time:
    D:12: 4359 daAuts
    D:13: 2288 daAuts
    D:11: 1867 daAuts
    D:10: 1539 daAuts
     D:2: 1459 daAuts
     D:9: 1445 daAuts
     D:5: 1339 daAuts
     D:1: 1263 daAuts
     D:3: 1203 daAuts
     D:7: 1029 daAuts
     D:4: 953 daAuts
     D:8: 860 daAuts
   Sewer: 823 daAuts
     D:6: 785 daAuts
 Abyss:1: 37 daAuts
